[Event "Turkish Cup 2022"]
[Site "Sakarya"]
[Date "2022.03.27"]
[Round "4.2"]
[White "Caputcuoglu, Zeki Berke"]
[Black "Isik, Alparslan"]
[Result "1-0"]
[ECO "B47"]
[WhiteElo "2095"]
[BlackElo "2328"]
[Annotator "NA"]
[PlyCount "77"]
[EventDate "2022.03.25"]
[EventType "swiss"]
[EventCountry "TUR"]
[SourceTitle "playchess.com"]
[Source "ChessBase"]
[SourceQuality "1"]
[TimeControl "5400+30"]

1. e4 c5 2. Nf3 e6 3. d4 cxd4 4. Nxd4 Nc6 5. Nc3 Qc7 6. g3 a6 7. Bg2 h5 8. h3 b5 9. O-O Nf6 10. Re1 Nxd4 11. Qxd4 Bc5 12. Qd3 e5 13. Bg5 Bb7 14. Bxf6 gxf6 15. Nd5 Bxd5 16. exd5 d6 17. h4 Qd7 18. Re2 Qg4 19. Be4 Ke7 20. c3 a5 21. Rc1 Rab8 22. b4 axb4 23. cxb4 Bb6 24. Bf5 Qxb4 25. Rc6 Rb7 26. Rec2 Qd4 27. Qf3 Ra7 28. Be4 Rd8 29. Qf5 Bc5 30. R2xc5 dxc5 31. Qxf6+ Ke8 32. Qh8+ Ke7 33. Qf6+ Ke8 34. Bg6 Qd1+ 35. Kh2 Qxd5 36. Re6+ Kd7 37. Re7+ Kc8 38. Rxa7 Rd6 39. Qe7 1-0

[Event "Turkish Cup 2022"]
[Site "Sakarya"]
[Date "2022.03.27"]
[Round "4.3"]
[White "Sevgi, Volkan"]
[Black "Ererdem, Gani Eren"]
[Result "1-0"]
[ECO "A57"]
[WhiteElo "2344"]
[BlackElo "2134"]
[Annotator "NA"]
[PlyCount "79"]
[EventDate "2022.03.25"]
[EventType "swiss"]
[EventCountry "TUR"]
[SourceTitle "playchess.com"]
[Source "ChessBase"]
[SourceQuality "1"]
[TimeControl "5400+30"]

1. d4 Nf6 2. c4 c5 3. d5 b5 4. f3 bxc4 5. e4 d6 6. Bxc4 g6 7. Nc3 Bg7 8. Nge2 O-O 9. Be3 Nfd7 10. f4 Ba6 11. Bxa6 Nxa6 12. O-O Qa5 13. a3 Rfc8 14. e5 dxe5 15. b4 Qd8 16. d6 cxb4 17. dxe7 Qxe7 18. Nd5 Qe6 19. f5 gxf5 20. Ng3 f4 21. Nf5 Bf8 22. Rxf4 exf4 23. Nde7+ Kh8 24. Qg4 f6 25. Ng6+ hxg6 26. Qh3+ Kg8 27. Nh6+ Bxh6 28. Qxe6+ Kh8 29. Bd4 Nac5 30. Qh3 Kh7 31. axb4 f5 32. bxc5 Nxc5 33. Re1 Ne4 34. Rxe4 fxe4 35. Qd7+ Kg8 36. Qe6+ Kf8 37. Qf6+ Ke8 38. Qxg6+ Kd7 39. Qh7+ Ke8 40. Qxe4+ 1-0

[Event "Turkish Cup 2022"]
[Site "Sakarya"]
[Date "2022.03.27"]
[Round "4.4"]
[White "Kilic, Eray"]
[Black "Samani, Yamac"]
[Result "0-1"]
[ECO "C00"]
[WhiteElo "2088"]
[BlackElo "2257"]
[Annotator "NA"]
[PlyCount "116"]
[EventDate "2022.03.25"]
[EventType "swiss"]
[EventCountry "TUR"]
[SourceTitle "playchess.com"]
[Source "ChessBase"]
[SourceQuality "1"]
[TimeControl "5400+30"]

1. e4 e6 2. c4 d5 3. exd5 exd5 4. cxd5 Nf6 5. Bb5+ Nbd7 6. Nc3 Be7 7. Nf3 O-O 8. O-O Nb6 9. d4 Bg4 10. h3 Bh5 11. Re1 Nfxd5 12. Re5 Bg6 13. Qb3 Nb4 14. Bg5 Bxg5 15. Rxg5 a5 16. Rc1 c6 17. Bf1 Nd3 18. Rd1 Nb4 19. Rd2 Kh8 20. Rg3 f6 21. Nh4 Bf7 22. Qd1 g5 23. Nf5 Bg6 24. Rf3 Qd7 25. g4 Rae8 26. Re2 N4d5 27. Ne4 Nf4 28. Ree3 Nbd5 29. Nc5 Qc7 30. Re1 Rxe1 31. Qxe1 Re8 32. Ne3 b6 33. Nb3 Qd7 34. Nd2 h5 35. Qd1 Nxe3 36. fxe3 hxg4 37. Rg3 Nxh3+ 38. Bxh3 gxh3 39. Qf3 Kg7 40. Kh2 Qd5 41. Qg4 Bf5 42. Qf4 Qb5 43. Qf2 Bg6 44. b3 Qf5 45. Rf3 Qg4 46. Rg3 Qd1 47. Rxh3 Qg4 48. Qg2 Qxg2+ 49. Kxg2 a4 50. b4 c5 51. bxc5 bxc5 52. d5 Re5 53. e4 Bxe4+ 54. Nxe4 Rxe4 55. Rc3 c4 56. d6 Rd4 57. d7 Rxd7 58. Rxc4 Rd2+ 0-1

[Event "Turkish Cup 2022"]
[Site "Sakarya"]
[Date "2022.03.27"]
[Round "4.5"]
[White "Huseyinoglu, Alihan"]
[Black "Gulden, Egemen"]
[Result "0-1"]
[ECO "A54"]
[WhiteElo "2312"]
[BlackElo "2094"]
[Annotator "NA"]
[PlyCount "96"]
[EventDate "2022.03.25"]
[EventType "swiss"]
[EventCountry "TUR"]
[SourceTitle "playchess.com"]
[Source "ChessBase"]
[SourceQuality "1"]
[TimeControl "5400+30"]

1. c4 d6 2. d4 e5 3. Nc3 Nf6 4. Nf3 Nbd7 5. g3 c6 6. Bg2 Be7 7. O-O O-O 8. Qc2 Qc7 9. e4 a6 10. a4 a5 11. h3 Nb8 12. c5 dxc5 13. dxe5 Ne8 14. Bf4 Be6 15. Ng5 Bxg5 16. Bxg5 Qxe5 17. Bf4 Qf6 18. e5 Qe7 19. Ne4 Na6 20. Bg5 Qc7 21. f4 c4 22. f5 Bd5 23. Qc3 Nb4 24. f6 g6 25. Rad1 Nd3 26. Rxd3 cxd3 27. Bh6 Qb6+ 28. Nc5 Nc7 29. Bxf8 Rxf8 30. Rf2 Bxg2 31. Kxg2 Nd5 32. Qc1 d2 33. Rxd2 Re8 34. e6 Qb4 35. Rf2 Qd4 36. Kg1 Nxf6 37. Kf1 b6 38. Nd7 Rxe6 39. Nxf6+ Rxf6 40. Rxf6 Qxf6+ 41. Kg2 Qd6 42. Qe3 Qd5+ 43. Kh2 Qc5 44. Qd2 b5 45. Qxa5 Qc2+ 46. Kh1 Qc1+ 47. Kg2 Qxb2+ 48. Kf1 Qa1+ 0-1

[Event "Turkish Cup 2022"]
[Site "Sakarya"]
[Date "2022.03.27"]
[Round "4.6"]
[White "Baltaci, Ismail Tarik"]
[Black "Eren, Ataberk"]
[Result "1-0"]
[ECO "C01"]
[WhiteElo "2033"]
[BlackElo "2306"]
[Annotator "NA"]
[PlyCount "97"]
[EventDate "2022.03.25"]
[EventType "swiss"]
[EventCountry "TUR"]
[SourceTitle "playchess.com"]
[Source "ChessBase"]
[SourceQuality "1"]
[TimeControl "5400+30"]

1. e4 e6 2. d4 d5 3. Nc3 Nf6 4. exd5 exd5 5. Bg5 c6 6. Bd3 Bd6 7. Qd2 O-O 8. O-O-O Nbd7 9. Re1 b5 10. Nf3 Qc7 11. Kb1 a5 12. Nh4 b4 13. Na4 h6 14. Nf5 Nh5 15. Bxh6 gxh6 16. Qxh6 Ndf6 17. Nxd6 Qxd6 18. Bh7+ Kh8 19. Bg6+ Kg8 20. Bxh5 Ne4 21. Qc1 Qf6 22. f3 Nd6 23. Re5 Bf5 24. Bg4 Bg6 25. Nb6 Nb5 26. Nd7 Qg7 27. Qf4 Rfd8 28. Nf6+ Kf8 29. Bh5 Rd6 30. Ng4 a4 31. Bxg6 Rxg6 32. Rhe1 b3 33. cxb3 axb3 34. axb3 Qh7 35. Kc1 Nc7 36. Re7 Ra1+ 37. Kd2 Rxe1 38. Rxe1 Ne6 39. Qb8+ Kg7 40. Qe5+ Kf8 41. Ra1 Rxg4 42. Ra8+ Ke7 43. fxg4 Qh4 44. Kc3 c5 45. dxc5 d4+ 46. Kc4 Qh7 47. Ra7+ Kf8 48. Qf5 Qg7 49. Qxe6 1-0

[Event "Turkish Cup 2022"]
[Site "Sakarya"]
[Date "2022.03.27"]
[Round "4.7"]
[White "Ozsakallioglu, Okan"]
[Black "Yavuz, Efe Metehan"]
[Result "1-0"]
[ECO "C65"]
[WhiteElo "2270"]
[BlackElo "2054"]
[Annotator "NA"]
[PlyCount "83"]
[EventDate "2022.03.25"]
[EventType "swiss"]
[EventCountry "TUR"]
[SourceTitle "playchess.com"]
[Source "ChessBase"]
[SourceQuality "1"]
[TimeControl "5400+30"]

1. e4 e5 2. Nf3 Nc6 3. Bb5 Nf6 4. d3 Bc5 5. c3 d6 6. d4 exd4 7. cxd4 Bb4+ 8. Bd2 O-O 9. Bxc6 Bxd2+ 10. Nbxd2 bxc6 11. O-O Nd7 12. Qc2 c5 13. Rfc1 Bb7 14. b4 Re8 15. bxc5 dxc5 16. dxc5 Bc6 17. Nd4 Qf6 18. Nxc6 Qxc6 19. f3 Re5 20. Nb3 Rae8 21. Qf2 Qg6 22. c6 Nb6 23. Nd4 Nc8 24. Nf5 Nd6 25. Ng3 Ra5 26. Rc5 Ra6 27. Qd4 Rb8 28. Ne2 Rab6 29. Rac1 Qh6 30. R5c2 a6 31. h3 Qg5 32. Rc5 Qh6 33. Kh2 Rb4 34. Qc3 Rb2 35. Rc2 Rb1 36. Qd2 Qh4 37. Ng3 g6 38. Rd5 Ra1 39. Rxd6 cxd6 40. c7 Rc8 41. Qxd6 Qh6 42. Nf5 1-0

[Event "Turkish Cup 2022"]
[Site "Sakarya"]
[Date "2022.03.27"]
[Round "4.8"]
[White "Yaran, Siar"]
[Black "Maruflu, Enes Yusuf"]
[Result "1/2-1/2"]
[ECO "A14"]
[WhiteElo "2272"]
[BlackElo "1945"]
[Annotator "NA"]
[PlyCount "109"]
[EventDate "2022.03.25"]
[EventType "swiss"]
[EventCountry "TUR"]
[SourceTitle "playchess.com"]
[Source "ChessBase"]
[SourceQuality "1"]
[TimeControl "5400+30"]

1. c4 e6 2. Nf3 d5 3. g3 Nf6 4. Bg2 Be7 5. O-O O-O 6. b3 dxc4 7. bxc4 c5 8. Nc3 Nc6 9. Rb1 a6 10. d3 h6 11. Bf4 Bd6 12. Qc1 Qc7 13. Na4 Nd7 14. Rd1 b5 15. cxb5 axb5 16. Nxc5 Nxc5 17. Qxc5 e5 18. Bxe5 Nxe5 19. Qxc7 Bxc7 20. Nxe5 Rxa2 21. Nc6 Rxe2 22. Bf3 Re6 23. Rxb5 Bd7 24. Rc1 Rc8 25. Rbc5 Bb6 26. Ne7+ Rxe7 27. Rxc8+ Bxc8 28. Rxc8+ Kh7 29. h4 Rc7 30. Rb8 Ba7 31. Ra8 g6 32. h5 Kg7 33. Kg2 Kf6 34. hxg6 fxg6 35. Be4 h5 36. Rg8 Rg7 37. Rc8 g5 38. Rc6+ Ke5 39. Bg6 h4 40. f4+ gxf4 41. gxh4 Rb7 42. Be4 Rg7+ 43. Bg6 Rb7 44. Be4 Rg7+ 45. Kh2 Rg4 46. Rh6 Bg1+ 47. Kh1 Kd4 48. Bf5 Rg3 49. Re6 f3 50. Re4+ Kc3 51. Bg4 Kxd3 52. Rf4 Be3 53. Rxf3 Rxf3 54. Bxf3 Bh6 55. Kg2 1/2-1/2

[Event "Turkish Cup 2022"]
[Site "Sakarya"]
[Date "2022.03.27"]
[Round "4.9"]
[White "Kirilmaz, Emre"]
[Black "Yasin, Hur"]
[Result "1-0"]
[ECO "D02"]
[WhiteElo "2229"]
[BlackElo "1931"]
[Annotator "NA"]
[PlyCount "81"]
[EventDate "2022.03.25"]
[EventType "swiss"]
[EventCountry "TUR"]
[SourceTitle "playchess.com"]
[Source "ChessBase"]
[SourceQuality "1"]
[TimeControl "5400+30"]

1. d4 Nf6 2. Nf3 e6 3. Bg5 d5 4. c3 Be7 5. Nbd2 Ne4 6. Nxe4 dxe4 7. Bxe7 Qxe7 8. Nd2 f5 9. f3 e3 10. Nc4 f4 11. g3 Qg5 12. Rg1 Qh6 13. Qd3 g5 14. O-O-O Qxh2 15. Rg2 Qh6 16. gxf4 gxf4 17. d5 Qf6 18. Rh2 h5 19. Bh3 Na6 20. dxe6 Nc5 21. Qd5 Nxe6 22. Bxe6 Bxe6 23. Qxb7 Rd8 24. Qc6+ Kf7 25. Qxc7+ Kg6 26. Ne5+ Kh6 27. Rdh1 Kg5 28. Rg1+ Kf5 29. Ng6 Bf7 30. Qxf4+ Ke6 31. Qc4+ Rd5 32. Nxh8 Qxh8 33. Rg5 Kd6 34. Qa6+ Ke7 35. Rxd5 Bxd5 36. Qxa7+ Kd6 37. Qxe3 Kc6 38. Qg5 Bf7 39. Rh4 Qe8 40. Qf6+ Kc5 41. Qd4+ 1-0

[Event "Turkish Cup 2022"]
[Site "Sakarya"]
[Date "2022.03.27"]
[Round "4.10"]
[White "Gulbeyaz, Emir"]
[Black "Daghan, Devran"]
[Result "1-0"]
[ECO "A87"]
[WhiteElo "2218"]
[BlackElo "1985"]
[Annotator "NA"]
[PlyCount "61"]
[EventDate "2022.03.25"]
[EventType "swiss"]
[EventCountry "TUR"]
[SourceTitle "playchess.com"]
[Source "ChessBase"]
[SourceQuality "1"]
[TimeControl "5400+30"]

1. d4 f5 2. Nf3 Nf6 3. c4 d6 4. g3 g6 5. Bg2 Bg7 6. O-O O-O 7. d5 a5 8. Nc3 Na6 9. Nd4 Nc5 10. Rb1 e5 11. dxe6 c6 12. b3 Qe7 13. Ba3 Ra6 14. Qd2 Rd8 15. Rfe1 Nxe6 16. Nxe6 Bxe6 17. e4 fxe4 18. Nxe4 Nxe4 19. Rxe4 Qf7 20. Rbe1 Bf5 21. Re7 Qf6 22. Rxb7 a4 23. b4 Qc3 24. Rxg7+ Qxg7 25. Bb2 Qf8 26. Qd4 g5 27. b5 Ra5 28. Qh8+ Kf7 29. Qf6+ Kg8 30. Qxg5+ Bg6 31. Bxc6 1-0

[Event "Turkish Cup 2022"]
[Site "Sakarya"]
[Date "2022.03.27"]
[Round "4.11"]
[White "Koc, Ilkay"]
[Black "Yazici, Ugur Doga"]
[Result "1/2-1/2"]
[ECO "D78"]
[WhiteElo "1995"]
[BlackElo "2195"]
[Annotator "NA"]
[PlyCount "97"]
[EventDate "2022.03.25"]
[EventType "swiss"]
[EventCountry "TUR"]
[SourceTitle "playchess.com"]
[Source "ChessBase"]
[SourceQuality "1"]
[TimeControl "5400+30"]

1. d4 d5 2. Nf3 Nf6 3. g3 g6 4. Bg2 Bg7 5. O-O O-O 6. c4 c6 7. Nc3 Ne4 8. Qb3 Nxc3 9. bxc3 dxc4 10. Qxc4 Nd7 11. Rd1 Qa5 12. a4 Nb6 13. Qb4 Qxb4 14. cxb4 a5 15. b5 cxb5 16. axb5 Nc4 17. Bf4 Bd7 18. Rdb1 Rac8 19. b6 Bc6 20. Bc7 Ra8 21. Rc1 Nd6 22. Rxc6 bxc6 23. Ne5 Bxe5 24. dxe5 Nb5 25. b7 Nxc7 26. bxa8=Q Rxa8 27. Bxc6 Ra6 28. Rc1 Ne6 29. Ba4 Ra8 30. e3 Rb8 31. Kg2 Kg7 32. h4 Rb4 33. Bd7 Nf8 34. Be8 Rb8 35. Ba4 Ne6 36. Bd7 Rb6 37. Rc8 Rb1 38. Bxe6 fxe6 39. Re8 Kf7 40. Ra8 Rb5 41. f4 Rb2+ 42. Kf3 Ra2 43. Kg4 a4 44. Kf3 a3 45. Ke4 Ra1 46. Kf3 h6 47. Kg2 a2 48. Kh2 g5 49. h5 1/2-1/2

[Event "Turkish Cup 2022"]
[Site "Sakarya"]
[Date "2022.03.27"]
[Round "4.13"]
[White "Guven, Oguz Kagan"]
[Black "Demirag, Gokhan"]
[Result "1-0"]
[ECO "A11"]
[WhiteElo "2157"]
[BlackElo "1946"]
[Annotator "NA"]
[PlyCount "37"]
[EventDate "2022.03.25"]
[EventType "swiss"]
[EventCountry "TUR"]
[SourceTitle "playchess.com"]
[Source "ChessBase"]
[SourceQuality "1"]
[TimeControl "5400+30"]

1. Nf3 d5 2. g3 c6 3. Bg2 Bg4 4. O-O Nd7 5. c4 e6 6. d3 Bxf3 7. Bxf3 dxc4 8. dxc4 Ne5 9. Qb3 Nxf3+ 10. Qxf3 Qf6 11. Qb3 O-O-O 12. Be3 Kb8 13. Nc3 Qf5 14. Rfd1 Rxd1+ 15. Rxd1 Nf6 16. Rd8+ Kc7 17. Qd1 Rg8 18. Bxa7 Bc5 19. Bb8+ 1-0

[Event "Turkish Cup 2022"]
[Site "Sakarya"]
[Date "2022.03.27"]
[Round "4.14"]
[White "Sahin, Huseyin"]
[Black "Kul, Ozdemir Efe"]
[Result "0-1"]
[ECO "A80"]
[WhiteElo "1788"]
[BlackElo "2042"]
[Annotator "NA"]
[PlyCount "102"]
[EventDate "2022.03.25"]
[EventType "swiss"]
[EventCountry "TUR"]
[SourceTitle "playchess.com"]
[Source "ChessBase"]
[SourceQuality "1"]
[TimeControl "5400+30"]

1. d4 f5 2. f4 Nf6 3. Nf3 g6 4. e3 Bg7 5. Bc4 e6 6. O-O O-O 7. Qe2 b6 8. Nbd2 Bb7 9. c3 h6 10. b3 Kh7 11. Bb2 Re8 12. Bd3 Ne4 13. a4 a6 14. Bc2 d6 15. Nxe4 fxe4 16. Nd2 d5 17. Qg4 Nd7 18. Rf2 Bf8 19. Raf1 Nf6 20. Qe2 h5 21. g3 Bd6 22. h3 Rh8 23. c4 a5 24. g4 hxg4 25. hxg4 c6 26. Bd1 Kg7 27. Rh2 Rxh2 28. Qxh2 Qe7 29. g5 Nh5 30. Nxe4 dxe4 31. Bxh5 Rh8 32. c5 Qxg5+ 33. Qg2 Qxg2+ 34. Kxg2 Rxh5 35. d5+ Kf7 36. dxc6 Bxc6 37. cxd6 Rd5 38. Be5 Rd2+ 39. Kg3 Rd3 40. Rh1 Rxe3+ 41. Kf2 Rxb3 42. Rh7+ Ke8 43. Rh8+ Kd7 44. Rh7+ Ke8 45. Bf6 Rd3 46. Re7+ Kf8 47. Be5 Bxa4 48. Rxe6 e3+ 49. Ke1 Bb5 50. d7 Bxd7 51. Rxb6 Bg4 0-1

[Event "Turkish Cup 2022"]
[Site "Sakarya"]
[Date "2022.03.27"]
[Round "4.15"]
[White "Bagci, Hikmet"]
[Black "Korkmaz, Necmettin"]
[Result "1-0"]
[ECO "C80"]
[WhiteElo "1630"]
[BlackElo "2076"]
[Annotator "NA"]
[PlyCount "153"]
[EventDate "2022.03.25"]
[EventType "swiss"]
[EventCountry "TUR"]
[SourceTitle "playchess.com"]
[Source "ChessBase"]
[SourceQuality "1"]
[TimeControl "5400+30"]

1. e4 e5 2. Nf3 Nc6 3. Bb5 a6 4. Ba4 Nf6 5. O-O Nxe4 6. Re1 Nc5 7. Nxe5 Nxe5 8. Rxe5+ Be7 9. Nc3 O-O 10. Bb3 Nxb3 11. axb3 c6 12. d3 d5 13. Bd2 Bd6 14. Re1 d4 15. Ne4 Bc7 16. Qh5 Qd5 17. Qxd5 cxd5 18. Ng5 Bd8 19. Nf3 Bf6 20. Bb4 Bg4 21. Bxf8 Kxf8 22. Ne5 Be6 23. f4 Rc8 24. Rac1 g5 25. g3 gxf4 26. gxf4 Ke7 27. Nf3 Kd6 28. Kf2 h6 29. Rg1 Bf5 30. Rge1 Rg8 31. Re2 Rg4 32. h3 Rxf4 33. Kg3 Bg5 34. Nxg5 hxg5 35. Rh1 Rh4 36. Re8 Be6 37. Rg8 Rh5 38. h4 gxh4+ 39. Rxh4 Re5 40. Kf2 Kc5 41. c3 Rf5+ 42. Ke2 dxc3 43. bxc3 Bd7 44. Rh6 Be6 45. Rh4 Bd7 46. Rd8 Bc6 47. Rb4 b5 48. Rh4 a5 49. b4+ axb4 50. Rxb4 Re5+ 51. Kd2 Re7 52. Rf4 Bd7 53. Rf8 Be6 54. Ra8 Rb7 55. Ra6 Rc7 56. Rb4 Rc6 57. d4+ Kd6 58. Ra5 Ke7 59. Raxb5 Ra6 60. Rb7+ Kf6 61. R7b6 Ra2+ 62. Rb2 Ra4 63. Kc2 Kf5 64. Kb3 Ra8 65. Re2 Rc8 66. Re5+ Kf4 67. Rexe6 fxe6 68. Rxe6 Rb8+ 69. Kc2 Rb5 70. Kd3 Ra5 71. Rf6+ Kg5 72. Rc6 Kf5 73. Rc5 Rxc5 74. dxc5 Kf6 75. Kd4 Ke6 76. c6 Kd6 77. c7 1-0

[Event "Turkish Cup 2022"]
[Site "Sakarya"]
[Date "2022.03.27"]
[Round "4.17"]
[White "Temizer, Umut"]
[Black "Kilic, Nurullah"]
[Result "1-0"]
[ECO "C55"]
[WhiteElo "1972"]
[BlackElo "1171"]
[Annotator "NA"]
[PlyCount "89"]
[EventDate "2022.03.25"]
[EventType "swiss"]
[EventCountry "TUR"]
[SourceTitle "playchess.com"]
[Source "ChessBase"]
[SourceQuality "1"]
[TimeControl "5400+30"]

1. e4 e5 2. Nf3 Nc6 3. Bc4 Nf6 4. d3 Be7 5. O-O O-O 6. c3 d5 7. exd5 Nxd5 8. Re1 Bg4 9. h3 Bh5 10. Nbd2 Nb6 11. Bb5 f6 12. Ne4 Kh8 13. Ng3 Bg6 14. Nh4 Bf7 15. Ngf5 a6 16. Bxc6 bxc6 17. Qg4 Rg8 18. Re4 g6 19. Nxe7 Qxe7 20. Qg3 Bd5 21. Re2 Rae8 22. c4 Bf7 23. b3 Qd6 24. Bb2 c5 25. Rf1 Nd7 26. Re3 g5 27. Nf5 Qe6 28. Qf3 Bg6 29. Nh6 Rgf8 30. Rfe1 Re7 31. Qg3 Rfe8 32. h4 gxh4 33. Qxh4 Qd6 34. g4 Rg7 35. f4 Rf8 36. f5 Bf7 37. Kf1 Bg8 38. R1e2 Qe7 39. g5 Rxg5 40. Rg2 Qg7 41. Reg3 Rxg3 42. Rxg3 Qe7 43. Qg4 Bxc4 44. dxc4 Nb8 45. Qg8+ 1-0

[Event "Turkish Cup 2022"]
[Site "Sakarya"]
[Date "2022.03.27"]
[Round "4.18"]
[White "Yurtseven, Melih"]
[Black "Colak, Tugay"]
[Result "1-0"]
[ECO "A09"]
[WhiteElo "2388"]
[BlackElo "1701"]
[Annotator "NA"]
[PlyCount "71"]
[EventDate "2022.03.25"]
[EventType "swiss"]
[EventCountry "TUR"]
[SourceTitle "playchess.com"]
[Source "ChessBase"]
[SourceQuality "1"]
[TimeControl "5400+30"]

1. Nf3 d5 2. c4 d4 3. b4 c5 4. g3 Nf6 5. a3 Nbd7 6. Qa4 Qc7 7. Bg2 e5 8. d3 Bd6 9. O-O O-O 10. Nbd2 Nb6 11. Qb3 Bd7 12. b5 a6 13. a4 axb5 14. cxb5 Be6 15. Nc4 Bd5 16. Bg5 e4 17. Nfd2 exd3 18. exd3 Bxg2 19. Kxg2 Nxc4 20. Nxc4 Nd5 21. a5 Qd7 22. Bd2 Bc7 23. Rfe1 b6 24. a6 h5 25. h4 Qg4 26. Re4 Qd7 27. Rae1 Nb4 28. Re7 Qd5+ 29. f3 Bd6 30. Rd7 Rfd8 31. Rxd6 Rxd6 32. Re5 Re6 33. Rxd5 Nxd5 34. f4 Re2+ 35. Kf1 Rae8 36. Ne5 1-0

[Event "Turkish Cup 2022"]
[Site "Sakarya"]
[Date "2022.03.27"]
[Round "4.19"]
[White "Gunduz, Umut Erdem"]
[Black "Caliskan, Soner"]
[Result "1-0"]
[ECO "B01"]
[WhiteElo "2258"]
[BlackElo "1661"]
[Annotator "NA"]
[PlyCount "97"]
[EventDate "2022.03.25"]
[EventType "swiss"]
[EventCountry "TUR"]
[SourceTitle "playchess.com"]
[Source "ChessBase"]
[SourceQuality "1"]
[TimeControl "5400+30"]

1. e4 d5 2. exd5 Nf6 3. d4 c6 4. dxc6 Nxc6 5. Nf3 Bg4 6. Bb5 Qb6 7. Nc3 O-O-O 8. Bxc6 Qxc6 9. Be3 e5 10. d5 Nxd5 11. Nxe5 Bxd1 12. Nxc6 bxc6 13. Nxd1 Nb4 14. Rc1 Nxa2 15. Ra1 Nb4 16. Rxa7 Nxc2+ 17. Ke2 Rd7 18. Ra4 Bd6 19. Rc4 Nxe3 20. Nxe3 Rb7 21. Rxc6+ Kd7 22. Rc2 Rhb8 23. Nc4 Re8+ 24. Kd3 Rb3+ 25. Rc3 Rb5 26. Kc2 Re2+ 27. Kb1 Ke6 28. Rc2 Re4 29. Rd1 Be5 30. f3 Rd4 31. Re1 Kf6 32. Nxe5 Rxe5 33. Rxe5 Kxe5 34. Ka2 Rd3 35. b3 h5 36. Ka3 h4 37. h3 g5 38. Ka4 f5 39. b4 Rd4 40. Ka5 g4 41. fxg4 fxg4 42. hxg4 Rxg4 43. b5 Kd4 44. b6 Kd3 45. Ra2 Rg5+ 46. Ka6 Kc4 47. b7 Kb3 48. Rf2 Ka4 49. Rf4+ 1-0

[Event "Turkish Cup 2022"]
[Site "Sakarya"]
[Date "2022.03.27"]
[Round "4.20"]
[White "Buyuk, Eymen Eren"]
[Black "Danaci, Ege"]
[Result "1/2-1/2"]
[ECO "E73"]
[WhiteElo "1526"]
[BlackElo "2264"]
[Annotator "NA"]
[PlyCount "83"]
[EventDate "2022.03.25"]
[EventType "swiss"]
[EventCountry "TUR"]
[SourceTitle "playchess.com"]
[Source "ChessBase"]
[SourceQuality "1"]
[TimeControl "5400+30"]

1. d4 Nf6 2. c4 g6 3. Nc3 Bg7 4. e4 d6 5. Be2 O-O 6. g4 c5 7. d5 e6 8. f3 exd5 9. cxd5 Na6 10. Kf1 Nc7 11. h4 a6 12. a4 h5 13. Nh3 hxg4 14. fxg4 Nd7 15. Kg2 Ne5 16. h5 gxh5 17. gxh5 f5 18. h6 Bf6 19. Rf1 Ng6 20. exf5 Bxf5 21. Bg4 Bxc3 22. Bxf5 Nh4+ 23. Kh1 Nxf5 24. Qg4+ Kh8 25. bxc3 Ng3+ 26. Qxg3 Rxf1+ 27. Kg2 Rf7 28. c4 Qf6 29. Rb1 Qf1+ 30. Kh2 Qe2+ 31. Qg2 Qxg2+ 32. Kxg2 Rg8+ 33. Kh2 b5 34. axb5 axb5 35. Ng5 Rf2+ 36. Kg3 Rc2 37. Kh4 Rxc4+ 38. Kh5 Nxd5 39. Bb2+ Nc3 40. Re1 Rf8 41. Re7 b4 42. Rh7+ 1/2-1/2

[Event "Turkish Cup 2022"]
[Site "Sakarya"]
[Date "2022.03.27"]
[Round "4.21"]
[White "Atayman, Evren"]
[Black "Kilic, Efe Mert"]
[Result "0-1"]
[ECO "A48"]
[WhiteElo "1662"]
[BlackElo "2220"]
[Annotator "NA"]
[PlyCount "78"]
[EventDate "2022.03.25"]
[EventType "swiss"]
[EventCountry "TUR"]
[SourceTitle "playchess.com"]
[Source "ChessBase"]
[SourceQuality "1"]
[TimeControl "5400+30"]

1. d4 Nf6 2. Nf3 c5 3. e3 g6 4. c3 Bg7 5. Bd3 O-O 6. O-O b6 7. Re1 d5 8. Nbd2 Bb7 9. e4 cxd4 10. cxd4 dxe4 11. Nxe4 Nc6 12. Qa4 a6 13. Bg5 b5 14. Qa3 b4 15. Qb3 Nxd4 16. Qxb4 Nxf3+ 17. gxf3 Qxd3 18. Qxb7 h6 19. Rad1 Qb5 20. Qxb5 axb5 21. Bxf6 exf6 22. a3 f5 23. Nd6 Bxb2 24. Nxb5 Rfb8 25. Nd6 Bxa3 26. Rd3 Bb4 27. Red1 Kg7 28. Kg2 Ra2 29. Nc4 Rc8 30. Rc1 Be7 31. Rdc3 Bg5 32. R1c2 Ra1 33. Nd6 Rd8 34. Rc6 Bf4 35. Nc4 Rdd1 36. Ne3 Rg1+ 37. Kh3 Rh1 38. Ng4 Rag1 39. Kh4 Rxg4+ 0-1

[Event "Turkish Cup 2022"]
[Site "Sakarya"]
[Date "2022.03.27"]
[Round "4.22"]
[White "Ozdemir, Serhan Berat"]
[Black "Kaygisiz, Ozgur Can"]
[Result "1-0"]
[ECO "B80"]
[WhiteElo "2185"]
[BlackElo "1744"]
[Annotator "NA"]
[PlyCount "73"]
[EventDate "2022.03.25"]
[EventType "swiss"]
[EventCountry "TUR"]
[SourceTitle "playchess.com"]
[Source "ChessBase"]
[SourceQuality "1"]
[TimeControl "5400+30"]

1. e4 c5 2. Nf3 d6 3. d4 cxd4 4. Nxd4 Nf6 5. Nc3 a6 6. f3 e6 7. Be3 Be7 8. Qd2 b5 9. O-O-O Bb7 10. g4 h6 11. Kb1 Nbd7 12. Bd3 Rc8 13. h4 Ne5 14. g5 hxg5 15. hxg5 Rxh1 16. Rxh1 Nfd7 17. f4 Nxd3 18. cxd3 b4 19. Nce2 g6 20. Rh8+ Bf8 21. f5 e5 22. fxg6 fxg6 23. Ne6 Qe7 24. Nxf8 Nxf8 25. Qxb4 d5 26. Qa4+ Kf7 27. exd5 Bxd5 28. Nc3 Be6 29. Qxa6 Qd7 30. Ne4 Kg7 31. Rh2 Rc6 32. Qa3 Bf5 33. Rd2 Ne6 34. Nf6 Qd8 35. b4 Nd4 36. Qa7+ Rc7 37. Qxc7+ 1-0

[Event "Turkish Cup 2022"]
[Site "Sakarya"]
[Date "2022.03.27"]
[Round "4.23"]
[White "Bacak, Muhammed Kaan"]
[Black "Sakmak, Kutay"]
[Result "1-0"]
[ECO "A15"]
[WhiteElo "2155"]
[BlackElo "1718"]
[Annotator "NA"]
[PlyCount "77"]
[EventDate "2022.03.25"]
[EventType "swiss"]
[EventCountry "TUR"]
[SourceTitle "playchess.com"]
[Source "ChessBase"]
[SourceQuality "1"]
[TimeControl "5400+30"]

1. Nf3 Nf6 2. g3 g6 3. b3 Bg7 4. Bb2 b6 5. Bg2 Bb7 6. O-O O-O 7. d4 d6 8. c4 Nbd7 9. Qc2 c5 10. d5 b5 11. Nbd2 bxc4 12. bxc4 Nb6 13. e4 Ba6 14. Rfe1 Rb8 15. Bf1 Ne8 16. Bxg7 Nxg7 17. e5 Bc8 18. Qc3 Na4 19. Qe3 Nf5 20. Qf4 Rb4 21. a3 Rb6 22. Ne4 f6 23. e6 Ba6 24. g4 Nd4 25. Nxd4 cxd4 26. Qh6 Nc5 27. Rad1 Rb3 28. Rxd4 Rxa3 29. Nxc5 dxc5 30. Rd3 Qa5 31. Ree3 Rxd3 32. Bxd3 Qa1+ 33. Kg2 f5 34. gxf5 Qg7 35. Qh4 Rf6 36. fxg6 hxg6 37. d6 exd6 38. e7 Bb7+ 39. Kg1 1-0

[Event "Turkish Cup 2022"]
[Site "Sakarya"]
[Date "2022.03.27"]
[Round "4.24"]
[White "Tarhan, Adar"]
[Black "Gozubuyukoglu, Selami"]
[Result "1-0"]
[ECO "C54"]
[WhiteElo "2125"]
[BlackElo "1747"]
[Annotator "NA"]
[PlyCount "75"]
[EventDate "2022.03.25"]
[EventType "swiss"]
[EventCountry "TUR"]
[SourceTitle "playchess.com"]
[Source "ChessBase"]
[SourceQuality "1"]
[TimeControl "5400+30"]

1. e4 e5 2. Nf3 Nc6 3. Bc4 Bc5 4. c3 Nf6 5. d3 a6 6. O-O d6 7. a4 O-O 8. b4 Ba7 9. Bg5 h6 10. Bh4 g5 11. Bg3 Ne7 12. Re1 Ng6 13. Nbd2 Qe7 14. d4 Kh7 15. Qb3 Nh5 16. dxe5 dxe5 17. Nf1 Nhf4 18. Ne3 c6 19. b5 h5 20. b6 Bb8 21. Nf5 Qf6 22. h4 gxh4 23. N3xh4 Bd6 24. Nxg6 fxg6 25. Nxd6 Qxd6 26. Rad1 Qf6 27. Qb4 Be6 28. Bxf4 Bxc4 29. Qxc4 Qxf4 30. Rd7+ Kh6 31. Qc5 Qg5 32. Rxb7 Rf3 33. Qe7 Qd2 34. Qg7+ Kg5 35. Qxe5+ Kh6 36. gxf3 Qxe1+ 37. Kg2 Qd2 38. f4 1-0